 Dungeon Sprint DCSS version 0.19-a0-414-g76fec5b (webtiles) character file.

506026 Loading the End of an Era (level 21, 204/204 HPs)
             Began as a Formicid Fighter on May 31, 2016.
             Was the Champion of Qazlal.
             Escaped with the Orb!
             The game lasted 00:33:44 (5218 turns).

Loading the End of an Era (Formicid Fighter)        Turns: 5218, Time: 00:33:45

Health: 204/204    AC: 61    Str: 25    XL:     21   Next: 33%
Magic:  38/38      EV: 21    Int: 14    God:    Qazlal [******]
Gold:   0          SH: 50    Dex: 19    Spells: 0 memorised, 20 levels left

rFire  . . .     SeeInvis +     M - +7 lajatang of Order {silver, rMut}
rCold  + . .     Gourm    .     p - +10 crystal plate armour of Broken Taboos {Regen+ Int+3 Dex+2}
rNeg   + . .     Faith    .     K - +18 shield of the Gong {rElec rN+ MR+ EV-5}
rPois  .         Spirit   .     (helmet unavailable)
rElec  +         Dismiss  .     F - +2 cloak
rCorr  .         Reflect  +     P - +3 pair of gauntlets of War {Slay+5}
rMut   +         Harm     .     C - +1 pair of boots {run}
SustAt .                        Q - +4 amulet of reflection
MR     +++..                    Y - ring of Free Will {rC+ EV+3 Str+4}
Stlth  ..........               S - ring of Robustness {AC+8}

@: studying 2 skills, repel missiles, quick, extremely resistant to hostile
enchantments, extremely unstealthy
A: permanent stasis, dig shafts and tunnels, four strong arms, antennae 3
a: Dig, Upheaval, Elemental Force, Disaster Area, Renounce Religion
0: Orb of Zot


You escaped.
You worshipped Qazlal.
Qazlal was exalted by your worship.
You were not hungry.

You visited 1 branch

Inventory:

Hand Weapons
 D - the cursed +1 lajatang of Insomnia {antimagic, Dex+3 SInv}
   (You found it in the Dungeon)

   It reduces the magical energy of the wielder, and disrupts the spells and
   magical abilities of those hit.
   Natural abilities and divine invocations are not affected.
   It affects your dexterity (+3).
   It lets you see invisible.
   It has a curse placed upon it.
 M - the +7 lajatang of Order (weapon) {silver, rMut}
   (You found it in the Dungeon)

   It protects you from mutation.
Armour
 p - the +10 crystal plate armour of Broken Taboos (worn) {Regen+ Int+3 Dex+2}
   (You found it in the Dungeon)

   It affects your intelligence (+3).
   It affects your dexterity (+2).
   It increases your rate of regeneration.
 C - a +1 pair of boots of running (worn)
 F - a +2 cloak (worn)
 K - the +18 shield of the Gong (worn) {rElec rN+ MR+ EV-5}
   (You found it in the Dungeon)

   It affects your evasion (-5).
   It insulates you from electricity.
   It protects you from negative energy.
   It affects your resistance to hostile enchantments.
 P - the +3 pair of gauntlets of War (worn) {Slay+5}
   (You found it in the Dungeon)

   It affects your accuracy and damage with ranged weapons and melee attacks
   (+5).
Rods
 J - a +3 rod of inaccuracy (14/14)
   (You found it in the Dungeon)
 L - a +4 rod of shadows (13/13)
   (You took it off a rakshasa in the Dungeon)
Jewellery
 a - an uncursed ring of protection from magic
 l - a +3 ring of strength
 y - the ring "Kiur" {MR+ Dex+5}
   (You found it in the Dungeon)

   [ring of dexterity]

   It affects your dexterity (+5).
   It affects your resistance to hostile enchantments.
 B - the ring "Kienuzel" {rF+ rC+ Stlth+}
   (You found it in the Dungeon)

   [ring of protection from fire]

   It protects you from fire.
   It protects you from cold.
   It makes you more stealthy.
 E - the amulet of Abrirph {Spirit -Tele rElec MR+ Dex+4}
   (You found it in the Dungeon)

   [amulet of guardian spirit]

   It causes incoming damage to be split between your health and magic.
   It affects your dexterity (+4).
   It insulates you from electricity.
   It affects your resistance to hostile enchantments.
   It prevents most forms of teleportation.
 H - an uncursed ring of fire
 I - the ring "Tagiash" {rN+ Str+6 SInv}
   (You took it off a skeletal warrior in the Dungeon)

   [ring of see invisible]

   It affects your strength (+6).
   It protects you from negative energy.
   It lets you see invisible.
 N - a +5 ring of evasion
 Q - a +4 amulet of reflection (around neck)
 S - the ring of Robustness (left hand) {AC+8}
   (You found it in the Dungeon)

   [ring of protection]

   It affects your AC (+8).
 V - the ring "Biugotas" {+Inv rF+ rC+ Str+4}
   (You found it in the Dungeon)

   [ring of protection from cold]

   It affects your strength (+4).
   It protects you from fire.
   It protects you from cold.
   It lets you turn invisible.
 W - the amulet "Soisolema" {Gourm *Confuse rElec MR++ Int+4}
   (You found it in the Dungeon)

   [amulet of the gourmand]

   It allows you to eat raw meat even when not hungry.
   It affects your intelligence (+4).
   It insulates you from electricity.
   It affects your resistance to hostile enchantments.
   It may confuse you when you take damage.
 X - a +5 ring of evasion
 Y - the ring of Free Will (right hand) {rC+ EV+3 Str+4}
   (You found it in the Dungeon)

   [ring of evasion]

   It affects your evasion (+3).
   It affects your strength (+4).
   It protects you from cold.
 Z - an uncursed ring of magical power
Wands
 T - a wand of hasting (5/9)
Scrolls
 b - 5 scrolls of brand weapon
 k - 4 scrolls of blinking
 r - 4 scrolls of amnesia
 s - 3 scrolls of recharging
 t - 8 scrolls of fog
 u - 4 scrolls of holy word
 v - 3 scrolls of identify
 w - 5 scrolls of remove curse
 x - 2 scrolls of fear
 U - 8 scrolls of enchant armour
Potions
 d - 10 potions of might
 e - 9 potions of curing
 g - 11 potions of heal wounds
 h - 8 potions of haste
 i - 7 potions of magic
 j - 3 potions of berserk rage
 m - 2 potions of brilliance
 n - 2 potions of invisibility
 o - 4 potions of resistance
 q - 5 potions of agility
 O - a potion of lignification
Books
 c - a manual of Slings
 G - a manual of Crossbows
Comestibles
 f - 5 bread rations
 z - 25 fruits
 A - 4 meat rations
 R - 9 royal jellies


   Skills:
 O Level 27 Fighting
 O Level 27 Staves
 O Level 27 Armour
 O Level 27 Dodging
 O Level 27 Shields
 O Level 27 Invocations
 + Level 25.6 Evocations


You had 20 spell levels left.
You didn't know any spells.

Dungeon Overview and Level Annotations

Branches:
Dungeon (1/1)

Altars:
Ashenzari
Cheibriados
Dithmenos
Elyvilon
Fedhas
Gozag
Hepliaklqana
Kikubaaqudgha
Makhleb
Nemelex Xobeh
Okawaru
Pakellas
Qazlal
Ru
Sif Muna
Trog
Uskayaw
Vehumet
Xom
Yredelemnul
Zin
The Shining One
Beogh
Jiyva
Lugonu


Innate Abilities, Weirdness & Mutations

You are under a permanent stasis effect.
You can dig through walls and to a lower floor.
Your four strong arms can wield two-handed weapons with a shield.
You have a pair of large antennae on your head. (SInv)


Message History

You start waiting.
You start waiting.
You start waiting.
You start waiting.
You start waiting.
You sense a monster nearby.
You start waiting.
You start waiting.
You start waiting.
You start waiting.
You start waiting.
You sense a monster nearby.
You start waiting.
You sense a monster nearby.
You start waiting.
You sense a monster nearby.
You see here a hell hog skeleton.
There is a staircase leading out of the dungeon here.
You see here a trident.
You have escaped!

...).).)....▓..▓...(...▓..▓...8©8
.....[..)...▓.▓▓▓..(..▓▓▓.▓..:):=
...(.)()....▓..▓...(...▓..▓..[[..
...)()).....▓.........{...▓..§§.§
....).......▓.............▓......
....).†.....▓▓▓▓▓▓▓▓▓▓▓▓▓▓▓......
▓.......▓...▓8888888888888▓......
▓▓.....▓▓▓..▓8...§.......8▓..▓...
▓.......▓...▓8§§@.÷§.)...8▓......
...........{▓8....§..[...8▓......
............▓8888888888888▓▓▓▓▓▓▓
▓▓▓▓▓▓▓▓▓▓▓▓▓▓▓▓▓▓▓▓▓▓▓▓▓▓▓▓▓▓▓▓▓
.....8©8..{.....▓........8©8.....
[}:)§[}:§|))}[).▓{||{[.[}§[)}|}[}
):)}..|:§...))).▓...){.)§§}):.[..
.)).)§......÷|..▓.[:)))=.§))..:.}
.).[..§.[§[.)...▓....†...........


There were no monsters in sight!

Vanquished Creatures
  2 ancient liches (D)
  A pandemonium lord (D)
  Saint Roka (D)
  A golden dragon (D)
  2 Tzitzimimeh (D)
  2 liches (D)
  3 tentacled monstrosities (D)
  10 Orb Guardians (D)
  2 deep elf master archers (D)
  An Executioner (D)
  A deep elf blademaster (D)
  6 quicksilver dragons (D)
  Gastronok (D)
  2 tentacled starspawn (D)
  4 draconian monks (D)
  3 thorn hunters (D)
  A storm dragon (D)
  5 shadow dragons (D)
  Wiglaf (D)
  3 draconian knights (D)
  2 draconian scorchers (D)
  2 deep elf sorcerers (D)
  An orc warlord (D)
  A corrupter (D)
  A draconian shifter (D)
  9 iron dragons (D)
  Aizul (D)
  4 ghouls (D)
  A warmonger (D)
  4 draconian annihilators (D)
  5 spriggan defenders (D)
  9 stone giants (D)
  2 draconian callers (D)
  6 vampire knights (D)
  5 green draconians (D)
  A dire elephant (D)
  9 red draconians (D)
  5 white draconians (D)
  9 purple draconians (D)
  9 black draconians (D)
  5 mottled draconians (D)
  5 yellow draconians (D)
  A green death (D)
  A mummy priest (D)
  6 merfolk javelineers (D)
  A blizzard demon (D)
  2 fire dragons (D)
  2 crystal guardians (D)
  2 yaktaur captains (D)
  A rakshasa (D)
  2 entropy weavers (D)
  A hell beast (D)
  2 satyrs (D)
  8 spriggan air magi (D)
  5 centaur warriors (D)
  2 hell hogs (D)
  An ogre mage (D)
  7 vampire magi (D)
  3 dancing weapons (D)
  2 orc high priests (D)
  9 iron golems (D)
  11 spriggan berserkers (D)
  4 thrashing horrors (D)
  5 soul eaters (D)
  3 wretched stars (D)
  7 skeletal warriors (D)
  5 spriggan druids (D)
  2 torturous demonspawn (D)
  An unseen horror (D)
  A shadow demon (D)
  3 shambling mangroves (D)
  A deep elf archer (D)
  Pikel (D)
  4 necromancers (D)
  An anubis guard (D)
  5 orc knights (D)
  3 orb spiders (D)
  2 hill giants (D)
  2 oklob plants (D)
  A wolf spider (D)
  3 orc sorcerers (D)
  2 deep elf magi (D)
  A faun (D)
  15 large abominations (D)
  4 sixfirhies (D)
  3 hornets (D)
  A griffon (shapeshifter) (D)
  5 moths of wrath (D)
  10 cyclopes (D)
  A shining eye (D)
  2 rust devils (D)
  Joseph (D)
  4 smoke demons (D)
  5 gargoyles (D)
  A demonic crawler (D)
  2 rime drakes (D)
  A freezing wraith (D)
  4 yaktaurs (D)
  3 ice devils (D)
  An efreet (D)
  A dryad (D)
  2 guardian mummies (D)
  2 red devils (D)
  2 hellwings (D)
  A troll (D)
  An ancient zyme (D)
  3 jumping spiders (D)
  2 two-headed ogres (D)
  3 raiju (D)
  2 wind drakes (D)
  6 slime creatures (D)
  2 flying skulls (D)
  7 shadows (D)
  5 vampires (D)
  4 redbacks (D)
  2 spriggans (D)
  4 starcursed masses (D)
  A fire bat (D)
  3 ynoxinuls (D)
  3 yaks (D)
  2 golden eyes (D)
  A hungry ghost (D)
  2 fire elementals (D)
  5 chaos spawn (D)
  4 small abominations (D)
  4 wargs (D)
  Edmund (D)
  3 hell hounds (D)
  2 porcupines (D)
  18 orc warriors (D)
  An ice beast (D)
  12 wasps (D)
  6 ogres (D)
  2 necrophages (D)
  4 centaurs (D)
  A wolf (D)
  Blork the orc (D)
  10 earth elementals (D)
  2 giant frogs (D)
  7 wights (D)
  A crimson imp (D)
  A quasit (D)
  4 orc priests (D)
  3 iron imps (D)
  2 orc wizards (D)
  An iguana (D)
  5 sheep (D)
  2 mummies (D)
  2 shadow imps (D)
  A white imp (D)
  2 ufetubi (D)
  An ooze (D)
  4 adder zombies (D)
  4 adder skeletons (D)
  An adder simulacrum (D)
  3 orcs (D)
  7 bat skeletons (D)
  3 bat zombies (D)
  3 jackals (D)
  A ball python simulacrum (D)
  A ball python zombie (D)
  3 giant cockroach zombies (D)
  A giant gecko simulacrum (D)
  A giant gecko skeleton (D)
  2 giant gecko zombies (D)
  3 quokka skeletons (D)
  6 briar patches (D)
  4 butterflies (D)
  A fire vortex (D)
  2 lurking horrors (D)
  2 starspawn tentacle segments (D)
558 creatures vanquished.

Vanquished Creatures (others)
  A hell hog (D)
  A cyclops (D)
  A yaktaur (D)
  A large abomination (D)
  2 starspawn tentacles (D)
  32 starspawn tentacle segments (D)
38 creatures vanquished.

Grand Total: 596 creatures vanquished

Notes
Turn   | Place    | Note
--------------------------------------------------------------
     0 | D        | Loading the Formicid Fighter began the quest for the Orb.
     0 | D        | Reached XP level 1. HP: 18/18 MP: 1/1
     7 | D        | Found a blossoming altar of Fedhas.
     7 | D        | Found a snail-covered altar of Cheibriados.
     7 | D        | Found a viscous altar of Jiyva.
     7 | D        | Found a roughly hewn altar of Beogh.
     7 | D        | Found a corrupted altar of Lugonu.
     8 | D        | Found a white marble altar of Elyvilon.
     8 | D        | Found a shimmering altar of Xom.
    10 | D        | Found a deep blue altar of Sif Muna.
    10 | D        | Found a burning altar of Makhleb.
    10 | D        | Found a bloodstained altar of Trog.
    10 | D        | Found an iron altar of Okawaru.
    10 | D        | Found a sparkling altar of Nemelex Xobeh.
    10 | D        | Found a radiant altar of Vehumet.
    82 | D        | Became a worshipper of Qazlal Stormbringer
   100 | D        | Entered arena 1.
   100 | D        | Noticed a crimson imp
   107 | D        | Killed a crimson imp
   107 | D        | Reached XP level 2. HP: 25/25 MP: 1/4
   107 | D        | Reached XP level 3. HP: 30/30 MP: 1/5
   112 | D        | Got the cursed ring "Ocsot" {rN+ EV-4 Str+2}
   157 | D        | Entered arena 2.
   161 | D        | Reached * piety under Qazlal
   161 | D        | Reached skill level 5 in Shields
   161 | D        | Reached XP level 4. HP: 38/38 MP: 7/7
   162 | D        | Reached skill level 5 in Invocations
   180 | D        | Got the cursed ring of Eceikk {rElec rN+ Int-3}
   181 | D        | Entered arena 3.
   181 | D        | Noticed a fire elemental
   181 | D        | Noticed a hell hound
   181 | D        | Noticed a hell hound
   187 | D        | Killed a hell hound
   187 | D        | Reached ** piety under Qazlal
   187 | D        | Reached skill level 5 in Fighting
   187 | D        | Reached skill level 5 in Armour
   187 | D        | Reached XP level 5. HP: 20/45 MP: 7/10
   191 | D        | Killed a hell hound
   191 | D        | Reached XP level 6. HP: 48/52 MP: 7/11
   197 | D        | Killed a fire elemental
   197 | D        | Reached XP level 7. HP: 55/59 MP: 8/13
   233 | D        | Entered arena 4.
   233 | D        | Noticed a hell hound
   239 | D        | Killed a hell hound
   245 | D        | Reached *** piety under Qazlal
   314 | D        | Reached XP level 8. HP: 67/67 MP: 14/18
   339 | D        | Entered arena 5.
   339 | D        | Noticed a yak
   340 | D        | Reached **** piety under Qazlal
   342 | D        | Killed a yak
   352 | D        | Got the +10 crystal plate armour of Broken Taboos {Regen+ Int+3 Dex+2}
   368 | D        | Entered arena 6.
   369 | D        | Reached XP level 9. HP: 73/73 MP: 19/19
   369 | D        | Reached ***** piety under Qazlal
   397 | D        | Entered arena 7.
   397 | D        | Noticed a hill giant
   397 | D        | Noticed a cyclops
   397 | D        | Noticed a two-headed ogre
   397 | D        | Noticed a hill giant
   398 | D        | Killed a cyclops
   398 | D        | Killed a hill giant
   398 | D        | Reached skill level 10 in Staves
   398 | D        | Reached skill level 15 in Invocations
   398 | D        | Killed a hill giant
   398 | D        | Reached skill level 10 in Shields
   398 | D        | Reached XP level 10. HP: 83/83 MP: 19/21
   451 | D        | Entered arena 8.
   451 | D        | Noticed an anubis guard
   451 | D        | Noticed a mummy priest
   453 | D        | Killed an anubis guard
   456 | D        | Noticed a phantasmal warrior
   457 | D        | Noticed a shadow wraith
   461 | D        | Killed a mummy priest
   461 | D        | Reached skill level 10 in Fighting
   461 | D        | Reached skill level 10 in Armour
   586 | D        | Got the +2 pair of gloves "Xunucis" {-Cast Int+5 Slay+2}
   669 | D        | Entered arena 9.
   669 | D        | Noticed a rime drake
   669 | D        | Noticed a rime drake
   669 | D        | Noticed an ice devil
   671 | D        | Killed a rime drake
   671 | D        | Killed an ice devil
   671 | D        | Reached XP level 11. HP: 92/92 MP: 23/23
   671 | D        | Reached ****** piety under Qazlal
   783 | D        | Entered arena 10.
   846 | D        | Entered arena 11.
   846 | D        | Noticed Pikel
   846 | D        | Noticed Wiglaf
   846 | D        | Noticed Joseph
   847 | D        | Noticed Aizul
   847 | D        | Noticed Blork the orc
   847 | D        | Noticed Saint Roka
   847 | D        | Noticed Edmund
   847 | D        | Noticed Gastronok
   848 | D        | Killed Blork the orc
   848 | D        | Killed Pikel
   848 | D        | Killed Joseph
   848 | D        | Killed Edmund
   850 | D        | Killed Aizul
   850 | D        | Killed Wiglaf
   861 | D        | Killed Saint Roka
   861 | D        | Reached skill level 15 in Staves
   861 | D        | Reached XP level 12. HP: 49/103 MP: 11/25
   865 | D        | Killed Gastronok
   969 | D        | Entered arena 12.
  1016 | D        | Got the ring "Eczec" {AC+4 Str+3 Dex+4 Slay-3}
  1036 | D        | Entered arena 13.
  1038 | D        | Noticed a blizzard demon
  1039 | D        | Killed a blizzard demon
  1039 | D        | Reached XP level 13. HP: 111/111 MP: 25/27
  1115 | D        | Entered arena 14.
  1116 | D        | Noticed a merfolk javelineer
  1117 | D        | Noticed a centaur warrior
  1117 | D        | Noticed a merfolk javelineer
  1117 | D        | Noticed a centaur warrior
  1118 | D        | Identified the +9 long sword of Ebisithrodd {slice, *Contam MP+9 Int+2}
  1119 | D        | Killed a merfolk javelineer
  1119 | D        | Killed a centaur warrior
  1119 | D        | Killed a merfolk javelineer
  1119 | D        | Reached skill level 15 in Shields
  1119 | D        | Killed a centaur warrior
  1208 | D        | Entered arena 15.
  1209 | D        | Noticed a deep elf sorcerer
  1210 | D        | Noticed a deep elf master archer
  1210 | D        | Noticed a deep elf sorcerer
  1210 | D        | Noticed a deep elf blademaster
  1212 | D        | Killed a deep elf blademaster
  1212 | D        | Killed a deep elf master archer
  1212 | D        | Killed a deep elf sorcerer
  1212 | D        | Reached XP level 14. HP: 121/121 MP: 27/29
  1212 | D        | Killed a deep elf sorcerer
  1212 | D        | Reached skill level 15 in Fighting
  1214 | D        | Reached skill level 15 in Armour
  1272 | D        | Got the amulet of the Endless Expanse {RegenMP rElec}
  1298 | D        | Entered arena 16.
  1302 | D        | Noticed a stone giant
  1304 | D        | Killed a stone giant
  1463 | D        | Entered arena 17.
  1544 | D        | Got the ring "Biugotas" {+Inv rF+ rC+ Str+4}
  1569 | D        | Entered arena 18.
  1572 | D        | Noticed a stone giant
  1572 | D        | Noticed a deep elf master archer
  1574 | D        | Killed a deep elf master archer
  1574 | D        | Reached XP level 15. HP: 93/132 MP: 29/31
  1574 | D        | Killed a stone giant
  1642 | D        | Got the ring of Free Will {rC+ EV+3 Str+4}
  1742 | D        | Entered arena 19.
  1858 | D        | Entered arena 20.
  1862 | D        | Noticed a shadow dragon
  1863 | D        | Noticed a ghoul
  1863 | D        | Noticed a shadow dragon
  1863 | D        | Noticed a Tzitzimitl
  1864 | D        | Noticed a Tzitzimitl
  1865 | D        | Killed a Tzitzimitl
  1865 | D        | Killed a Tzitzimitl
  1865 | D        | Killed a shadow dragon
  1865 | D        | Killed a shadow dragon
  1865 | D        | Reached XP level 16. HP: 142/143 MP: 31/33
  1956 | D        | Got the ring "Kiur" {MR+ Dex+5}
  1958 | D        | Got the ring "Kienuzel" {rF+ rC+ Stlth+}
  1966 | D        | Identified a +1 pair of boots of running (You found it in the Dungeon)
  1971 | D        | Got the amulet of Abrirph {Spirit -Tele rElec MR+ Dex+4}
  2122 | D        | Entered arena 21.
  2264 | D        | Entered arena 22.
  2269 | D        | Noticed an Orb Guardian
  2269 | D        | Noticed a storm dragon
  2269 | D        | Noticed an Orb Guardian
  2269 | D        | Noticed a golden dragon
  2270 | D        | Noticed an Orb Guardian
  2270 | D        | Noticed an Orb Guardian
  2270 | D        | Noticed a tentacled monstrosity
  2270 | D        | Noticed a shadow dragon
  2270 | D        | Noticed a shadow dragon
  2270 | D        | Noticed a tentacled monstrosity
  2270 | D        | Noticed an Orb Guardian
  2271 | D        | Noticed an Orb Guardian
  2271 | D        | Noticed an Orb Guardian
  2271 | D        | Noticed an Orb Guardian
  2271 | D        | Noticed a tentacled monstrosity
  2272 | D        | Killed an Orb Guardian
  2272 | D        | Reached skill level 27 in Invocations
  2272 | D        | Killed an Orb Guardian
  2272 | D        | Killed a shadow dragon
  2272 | D        | Killed an Orb Guardian
  2272 | D        | Killed an Orb Guardian
  2272 | D        | Killed an Orb Guardian
  2272 | D        | Killed a shadow dragon
  2272 | D        | Killed a storm dragon
  2272 | D        | Killed an Orb Guardian
  2272 | D        | Reached XP level 17. HP: 150/155 MP: 34/34
  2272 | D        | Killed an Orb Guardian
  2272 | D        | Killed a tentacled monstrosity
  2272 | D        | Killed a golden dragon
  2273 | D        | Noticed a shadow dragon
  2274 | D        | Killed a tentacled monstrosity
  2275 | D        | Killed a tentacled monstrosity
  2275 | D        | Killed an Orb Guardian
  2275 | D        | Killed a shadow dragon
  2413 | D        | Entered arena 23.
  2423 | D        | Noticed a lich
  2424 | D        | Noticed an ancient lich
  2425 | D        | Killed a lich
  2425 | D        | Killed an ancient lich
  2425 | D        | Reached skill level 27 in Staves
  2425 | D        | Reached XP level 18. HP: 168/168 MP: 35/35
  2426 | D        | Noticed an ancient lich
  2426 | D        | Noticed a lich
  2432 | D        | Killed a lich
  2432 | D        | Killed an ancient lich
  2514 | D        | Got the ring "Tagiash" {rN+ Str+6 SInv}
  2561 | D        | Entered arena 24.
  2567 | D        | Noticed a quicksilver dragon
  2567 | D        | Noticed a quicksilver dragon
  2568 | D        | Noticed a quicksilver dragon
  2568 | D        | Noticed a quicksilver dragon
  2569 | D        | Noticed a quicksilver dragon
  2569 | D        | Noticed a quicksilver dragon
  2570 | D        | Killed a quicksilver dragon
  2570 | D        | Killed a quicksilver dragon
  2570 | D        | Killed a quicksilver dragon
  2570 | D        | Reached skill level 5 in Dodging
  2570 | D        | Killed a quicksilver dragon
  2570 | D        | Killed a quicksilver dragon
  2570 | D        | Killed a quicksilver dragon
  2570 | D        | Reached skill level 10 in Dodging
  2570 | D        | Reached skill level 27 in Shields
  2572 | D        | Reached XP level 19. HP: 182/182 MP: 28/36
  2644 | D        | Got the amulet "Soisolema" {Gourm *Confuse rElec MR++ Int+4}
  2691 | D        | Entered arena 25.
  2701 | D        | Reached skill level 27 in Armour
  2703 | D        | Reached skill level 15 in Dodging
  2703 | D        | Reached skill level 27 in Fighting
  2715 | D        | Reached XP level 20. HP: 78/197 MP: 17/37
  2969 | D        | Entered arena 26.
  2979 | D        | Reached skill level 27 in Dodging
  2988 | D        | Reached skill level 10 in Evocations
  3142 | D        | Entered arena 27.
  3154 | D        | Reached skill level 15 in Evocations
  3155 | D        | Noticed Taraolish the pandemonium lord
  3156 | D        | Reached XP level 21. HP: 52/204 MP: 23/38
  3159 | D        | Killed Taraolish the pandemonium lord
  3485 | D        | Got the cursed +1 lajatang of Insomnia {antimagic, Dex+3 SInv}
  3622 | D        | Got the Orb of Zot
  5218 | D        | Escaped with the Orb!

Vault maps used:
D:        sprint_v

Skill      XL: |  1  2  3  4  5  6  7  8  9 10 11 12 13 14 15 16 17 18 19 20 21 |
---------------+----------------------------------------------------------------+-----
Fighting       | 4 5 6 7 9 10 12 13 14 16 17 20 22 24 27 | 27.0
Staves         | 3 4 6 7 8 9 11 12 15 16 18 19 21 24 27 | 27.0
Armour         | 4 5 6 7 9 10 12 13 14 16 17 20 22 26 27 | 27.0
Shields        | 4 5 6 7 8 10 11 13 14 15 17 19 21 23 27 | 27.0
Invocations    | 3 4 6 7 9 13 15 16 19 20 22 24 26 27 | 27.0
Dodging        | 11 22 27 | 27.0
Evocations     | 20 25 | 25.6

Action                   |  1- 3 |  4- 6 |  7- 9 | 10-12 | 13-15 | 16-18 | 19-21 || total
-------------------------+-------+-------+-------+-------+-------+-------+-------++-------
Melee: Lajatang          |    10 |    16 |    22 |    11 |    46 |    25 |   112 ||   242
Invok: Upheaval          |       |       |     2 |     2 |     1 |       |     4 ||     9
       Disaster Area     |       |       |       |     8 |     8 |     9 |    11 ||    36
  Use: Potion            |       |     2 |     1 |     1 |       |       |     1 ||     5
       Scroll            |       |       |       |       |     2 |       |     1 ||     3
  Eat: Fruit             |       |       |       |       |     9 |       |     8 ||    17
       Chunk             |       |       |       |       |     1 |       |       ||     1
Armor: Crystal plate arm |     6 |     7 |    12 |     5 |    11 |     8 |    32 ||    81
Dodge: Dodged            |       |       |     1 |       |     7 |     4 |    24 ||    36
       Deflected         |       |       |       |       |     1 |       |     1 ||     2
Block: Shield            |    15 |    40 |    50 |    19 |   120 |    67 |   181 ||   492
       Reflection        |       |       |       |       |    21 |     6 |    13 ||    40
